 Dungeon Crawl Stone Soup version 0.21-a0-634-gaf8bc5d (webtiles) character file.

30 Monsterracer the Scratcher (level 3, -1/15 HPs)
             Began as a Felid Transmuter on Dec 29, 2017.
             Slain by a crocodile (16 damage)
             ... in a sewer.
             The game lasted 00:07:27 (2510 turns).

Monsterracer the Scratcher (Felid Transmuter)       Turns: 2510, Time: 00:07:28

Health: -1/15      AC:  2    Str:  6    XL:     3   Next: 5%
Magic:  5/7        EV: 22    Int: 15    God:
Gold:   96         SH:  0    Dex: 21    Spells: 0/6 levels left
                                        Lives:  0   Deaths: 1

rFire    . . .     SeeInvis +     - Unarmed
rCold    . . .     Gourm    .   (shield unavailable)
rNeg     . . .     Faith    .   (armour unavailable)
rPois    x         Spirit   .   (helmet unavailable)
rElec    .         Reflect  .   (cloak unavailable)
rCorr    .         Harm     .   (gloves unavailable)
MR       .....                  (boots unavailable)
Stlth    ++........             (no amulet)
HPRegen  0.05/turn              (no ring)
MPRegen  0.10/turn              (no ring)

@: spider-form (expiring)
A: tiny, no armour, no weapons or thrown items, stealth, see invisible,
carnivore, slow metabolism 1
a: End Transformation


You were in a sewer.
You were not hungry.
You were a venomous arachnid creature.
You visited 1 branch of the dungeon, and saw 3 of its levels.
You also visited: Sewer.

You collected 96 gold pieces.

Inventory:

Missiles
 a - 11 arrows
Scrolls
 d - 2 scrolls of teleportation {unknown}
 e - a scroll of fog {unknown}
 f - 8 scrolls of identify {unknown}
Potions
 g - a potion of heal wounds {unknown}
 h - 2 potions of curing {unknown}
 i - a potion of experience {unknown}
 j - 2 potions of flight {unknown}
 k - a potion of berserk rage {unknown}
 m - a potion of agility {unknown}
 n - a potion of mutation {unknown}
 o - 2 potions of invisibility {unknown}
Books
 b - a book of Changes

   Spells                             Type                      Level
   a - Beastly Appendage              Transmutation                1
   b - Sticks to Snakes               Transmutation                2
   c - Spider Form                    Transmutation/Poison         3
   d - Ice Form                       Ice/Transmutation            4
   e - Blade Hands                    Transmutation                5
Comestibles
 c - 5 rations
 l - 2 chunks of flesh


   Skills:
 - Level 1.0 Fighting
 + Level 3.7 Dodging
 * Level 4.1 Unarmed Combat
 - Level 2.0 Spellcasting
 + Level 3.0 Transmutations


You couldn't memorise any spells.
You knew the following spells:

 Your Spells              Type           Power        Failure   Level  Hunger
a - Beastly Appendage     Tmut           ##....       17%         1    #......
b - Sticks to Snakes      Tmut           ##......     24%         2    ###....
c - Spider Form           Tmut/Pois      #.........   56%         3    ###....


Dungeon Overview and Level Annotations

Branches:
Dungeon (3/15)

Altars:
Vehumet


Innate Abilities, Weirdness & Mutations

You cannot wear armour.
You are incapable of wielding weapons or throwing items.
Your paws allow you to move quietly. (Stealth)
((You have sharp claws.))
((You have razor-sharp teeth.))
You have supernaturally acute eyesight. (SInv)
You are carnivorous and can eat meat at any time.
((You cover ground quickly.))
((You are covered in fur. (AC +1)))
You have a slow metabolism.
((Your sharp claws are effective at attacking unaware monsters.))


Message History

There is a glowing drain here.
The world spins around you as you enter the gateway.
You enter a sewer!
Found a gate leading back out of this place.
There is an empty arch of ancient stone here.
No target in view!
A jackal and a kobold come into view.
Found a fuming black potion.
There are monsters nearby!
Casting: Beastly Appendage
Confirm with . or Enter, or press ? or * to list all spells.
You grow a pair of large bovine horns.
You now have 7/8 mp.
A jackal and 2 kobolds come into view.
The jackal barks!
The kobold shouts! x2; The jackal barks!
Found 2 fizzy silvery potions.
You scratch the jackal. Your headbutt misses the jackal.
The jackal is severely wounded.
The jackal bites you. The jackal barely misses you.
You take 1 damage, and have 18/19 hp.
You scratch the jackal.
You kill the jackal!
Your Transmutations skill increases to level 3!
The jackal closely misses you.
The kobold throws a stone.
The stone barely misses you.
You scratch the jackal.
You kill the jackal!
Health restored: 19 You scratch the kobold.
The kobold is moderately wounded.
You barely miss the kobold.
The kobold is moderately wounded.
The kobold closely misses you.
You scratch the kobold.
You kill the kobold!
You scratch the kobold but do no damage.
You bite the kobold.
You kill the kobold!
The kobold barely misses you.
MP restored: 8 Your transformation is almost over.
You scratch the kobold. You headbutt the kobold.
You kill the kobold!
You see here an enchanted dagger.
You see here a jackal corpse.
Found a potion of blood.
Your horns disappear.
n - a fuming black potion
o - 2 fizzy silvery potions You enter the shallow water.
Moving in this stuff is going to be slow.
You enter the shallow water.
Moving in this stuff is going to be slow.
You enter the shallow water.
Moving in this stuff is going to be slow.
A crocodile comes into view.
Found 24 stones and 15 arrows.
A crocodile is nearby!
Found a scale mail.
Found a gilded ring and 8 gold pieces.
Casting: Beastly Appendage
Confirm with . or Enter, or press ? or * to list all spells.
You miscast Spider Form.
You are very lightly contaminated with residual magic.
Your paws glow momentarily.
You now have 5/8 mp.
Casting: Spider Form
Confirm with . or Enter, or press ? or * to list all spells.
You turn into a venomous arachnid creature.
You now have 2/8 mp.
You enter the shallow water.
Moving in this stuff is going to be slow.
The crocodile completely misses you.
Found 18 stones.
You bite the crocodile!
The crocodile is moderately wounded.
The crocodile misses you.
You hit the crocodile but do no damage.
The crocodile is poisoned.
The crocodile is moderately wounded.
The crocodile bites you!!
Ouch! That really hurt!
You die...
Your shape twists and changes as you die.
You are now level 3!
Your transformation has ended.
You rejoin the land of the living...
You take 4 damage, and have 15/15 hp.
MASSIVE DAMAGE!!
MP restored: 7
Casting: Spider Form
Confirm with . or Enter, or press ? or * to list all spells.
You turn into a venomous arachnid creature.
Your transformation is almost over.
You now have 4/7 mp.
Press: ? - help, v - describe, . - travel The floor.
You hit the crocodile.
The crocodile looks even sicker.
The crocodile is heavily wounded.
The crocodile bites you!
Ouch! That really hurt!
You die...

#[≈#.#.(#
#.≈≈#
##.≈†##
#.≈...#
##...≈.##
#...#≈..#
##..###..##
#t.≈# #≈≈.#
#s.# ##..#
#.≈# #≈.#
#.≈# #≈.#
#..# ##≈≈#
#.≈≈# #≈..#
##≈.###≈.##
#...#...#
##..≈..##
#.....#


You could see a crocodile.

Vanquished Creatures
  An adder (D:2)
  An ooze (D:1)
  A leopard gecko (D:3)
  An orc (D:3)
  3 giant cockroaches
  7 goblins
  3 hobgoblins
  5 jackals
  8 kobolds
  A quokka (D:3)
  A ball python (D:3)
  7 bats
  8 rats
47 creatures vanquished.

Vanquished Creatures (collateral kills)
  An adder (D:3)
1 creature vanquished.

Grand Total: 48 creatures vanquished

Notes
Turn   | Place    | Note
-------+----------+-------------------------------------------
     0 | D:1      | Monsterracer the Felid Transmuter began the quest for the Orb.
     0 | D:1      | Reached XP level 1. HP: 9/9 MP: 4/4
   179 | D:1      | HP: 4/9 [kobold/club (5)]
   332 | D:1      | Reached XP level 2. HP: 7/12 MP: 4/6
   924 | D:1      | Learned a level 2 spell: Sticks to Snakes
  1349 | D:2      | Reached XP level 3. HP: 15/15 MP: 7/7
  1463 | D:2      | Learned a level 3 spell: Spider Form
  1837 | D:2      | HP: 6/15 [hobgoblin/club (3)]
  2151 | D:3      | Found a radiant altar of Vehumet.
  2285 | D:3      | Reached skill level 4 in Unarmed Combat
  2425 | D:3      | Found a glowing drain.
  2436 | D:3      | Reached XP level 4. HP: 19/19 MP: 8/8
  2441 | Sewer    | Entered a sewer
  2493 | Sewer    | Noticed a crocodile
  2503 | Sewer    | Slain by a crocodile
  2504 | Sewer    | Reached XP level 3. HP: 0/15 MP: 2/7
  2510 | Sewer    | Slain by a crocodile

Vault maps used:
D:1:      nzn_arrival_depleted_hourglass
D:2:      hangedman_decor_peaks_small
D:3:      vehumet_crystals, portal_sewer_entry_a, serial_bayou_pond_e
Sewer:    sewer_the_crocodile

Skill      XL: |  1  2  3  4 |
---------------+-------------+-----
Dodging        | 3 |  3.7
Unarmed Combat | 4 |  4.1
Transmutations | 3 |  3.0
Fighting       | |  1.0
Spellcasting   | |  2.0

Action                   |  1- 3 |  4- 6 || total
-------------------------+-------+-------++-------
Melee: Unarmed           |   138 |    10 ||   148
       Bite              |    11 |     1 ||    12
       Headbutt          |     6 |     1 ||     7
 Cast: Beastly Appendage |    12 |     1 ||    13
       Spider Form       |     3 |     1 ||     4
       Sticks to Snakes  |     1 |       ||     1
 Stab: Sleeping          |     5 |       ||     5
  Eat: Chunk             |    11 |       ||    11
Armor: Skin              |    13 |       ||    13
Dodge: Dodged            |   123 |     7 ||   130

Table legend:
 A = Spawn XP
 B = Non-spawn XP
 C = Spawn XP percentage of total XP
 D = Spawn monster count
 E = Non-spawn monster count
 F = Spawn count percentage of total count
 G = Total turns spent on level
                    A         B        C        D         E        F      G
               +---------+---------+-------+---------+---------+-------+---------
         Total |       0 |     104 |   0.0 |       0 |      48 |   0.0 |  2510
               +---------+---------+-------+---------+---------+-------+---------
           D:1 |       0 |      33 |   0.0 |       0 |      18 |   0.0 |  1231
           D:2 |       0 |      27 |   0.0 |       0 |      10 |   0.0 |   904
           D:3 |       0 |      37 |   0.0 |       0 |      15 |   0.0 |   306
         Sewer |       0 |       7 |   0.0 |       0 |       5 |   0.0 |    69
               +---------+---------+-------+---------+---------+-------+---------

Vault maps used:
D:1:      nzn_arrival_depleted_hourglass
D:2:      hangedman_decor_peaks_small
D:3:      vehumet_crystals, portal_sewer_entry_a, serial_bayou_pond_e
Sewer:    sewer_the_crocodile
